 Dungeon Sprint DCSS version 0.32-a0-128-g77eb882913 (webtiles) character file.

Game seed: 10333750222009788133

237 rocky1 the Skirmisher (level 6, -1/49 HPs)
             Began as a Formicid Hunter on Feb 8, 2024.
             Was a Follower of Okawaru.
             Slain by a warg (16 damage)
             ... in the Dungeon (Sprint VII: "The Pits").
             The game lasted 00:02:24 (760 turns).

rocky1 the Skirmisher (Formicid Hunter)              Turns: 760, Time: 00:02:25

Health: -1/49      AC:  3    Str: 15    XL:     6   Next: 28%
Magic:  7/9        EV: 13    Int:  9    God:    Okawaru [*.....]
Gold:   0          SH:  0    Dex: 19    Spells: 5/5 levels left

rFire   . . .        k - +1 long sword (flame)
rCold   . . .        (no shield)
rNeg    . . .        c - +0 leather armour
rPois   .            (helmet unavailable)
rElec   .            (no cloak)
rCorr   .            (no gloves)
SInv    +            (no boots)
Will    .....        (no amulet)
Stlth   ++           (no ring)
HPRegen 0.28/turn    (no ring)
MPRegen 0.11/turn

%: no passive effects
@: invisible
A: permanent stasis, dig shafts and tunnels, antennae 3, four strong arms
a: Dig, Renounce Religion, Heroism


You were in the Dungeon.
You worshipped Okawaru.
Okawaru was aware of your devotion.
You visited 1 branch

Inventory:

Hand Weapons
 a - a +0 shortbow
 k - a +1 long sword of flaming (weapon)
Armour
 c - a +0 leather armour (worn)
Scrolls
 b - a scroll of butterflies
 h - 2 scrolls of vulnerability
 i - 5 scrolls of amnesia
 j - a scroll of summoning
Potions
 d - 6 potions of curing
 e - 4 potions of heal wounds
 f - 4 potions of magic
 g - a potion of invisibility


   Skills:
 + Level 4.7 Fighting
 + Level 1.0 Long Blades
 + Level 9.9 Ranged Weapons
 + Level 3.4 Armour
 + Level 3.4 Dodging
 + Level 2.5 Stealth
 * Level 5.0 Invocations


You had 5 spell levels left.
You didn't know any spells.
Your spell library was empty.

Dungeon Overview and Level Annotations

Branches:
Dungeon (1/1)

Altars:
Ashenzari
Cheibriados
Dithmenos
Elyvilon
Fedhas
Gozag
Hepliaklqana
Kikubaaqudgha
Makhleb
Nemelex Xobeh
Okawaru
Qazlal
Ru
Sif Muna
Trog
Uskayaw
Vehumet
Wu Jian
Xom
Yredelemnul
Zin
The Shining One
Jiyva
Lugonu


Innate Abilities, Weirdness & Mutations

You cannot be hasted, slowed, berserked, paralysed or teleported.
You can dig through walls and to a lower floor.
You have a pair of large antennae on your head. (SInv)
Your four strong arms can wield two-handed weapons with a shield.


Message History

Okawaru is honoured by your kill.
You can now gain great but temporary skills.
Your Fighting skill increases to level 4!
Your Long Blades skill increases to level 1!
Your Ranged Weapons skill increases to level 9!
Your Armour skill gained 2 levels and is now at level 3!
Your Dodging skill increases to level 3!
Your Stealth skill increases to level 2!
Your Invocations skill gained 3 levels and is now at level 5!
You have reached level 6!
You hit the ribbon worm. You burn the ribbon worm.
The ribbon worm is severely wounded.
The ribbon worm barely misses you.
You slash the ribbon worm! You burn the ribbon worm.
You kill the ribbon worm!
Okawaru accepts your kill. The warg closely misses you.
You slash the warg! You burn the warg.
The warg is moderately wounded.
The warg barely misses you.
A gnoll comes into view. It is wielding a +0 spear.
The warg barely misses you.
The gnoll moves out of view.
Unknown command.
You slash the warg! You burn the warg.
The warg is severely wounded.
The warg misses you. The gnoll completely misses you.
The warg closely misses you.
You hit the warg but do no damage.
The warg is severely wounded.
The warg bites you but does no damage. The warg barely misses you.
You hit the warg but do no damage.
The warg is severely wounded.
The warg bites you! The warg barely misses you. The gnoll closely misses you.
You hit the warg but do no damage.
The warg is severely wounded.
The warg barely misses you. The warg bites you.
You hit the warg but do no damage.
The warg is severely wounded.
The warg bites you!
You die...

##########'##.....
#..(!')))'.##.....
##########.##.....
#...........÷.....
#'#####)#####.....
#.#..#...'.##.....
#.#..#...#.#####'#
#.#..#####.##.....
#@#..÷...#.##.....
#h#.†÷÷..÷.##.....
#g#..########...<.
#)#..'.)))[##.....
#.#..#.)).[##.....
#'###########.....
#..,{{ {{ ######
#..# { #..., { {


You could see a warg and a gnoll (unable to see you).

Vanquished Creatures
  A fire bat (D)
  An iron imp (D)
  4 gnolls (D)
  3 adders (D)
  A ribbon worm (D)
  A quokka (D)
  A bat (D)
  2 rats (D)
14 creatures vanquished.

Notes
Turn   | Place    | Note
-------+----------+-------------------------------------------
     0 | D        | rocky1 the Formicid Hunter began the quest for the Orb.
     0 | D        | Reached XP level 1. HP: 16/16 MP: 1/1
    18 | D        | Reached skill level 5 in Ranged Weapons
    18 | D        | Reached XP level 2. HP: 23/23 MP: 2/2
    45 | D        | Found a bloodstained altar of Trog.
    45 | D        | Found a shimmering blue altar of Sif Muna.
    45 | D        | Found a viscous altar of Jiyva.
    45 | D        | Found a hazy altar of Hepliaklqana.
    45 | D        | Found an opulent altar of Gozag.
    46 | D        | Found a glowing golden altar of the Shining One.
    46 | D        | Found a glowing silver altar of Zin.
    46 | D        | Found a basalt altar of Yredelemnul.
    46 | D        | Found a shimmering altar of Xom.
    46 | D        | Found an ornate altar of the Wu Jian Council.
    46 | D        | Found a sacrificial altar of Ru.
    46 | D        | Found a stormy altar of Qazlal.
    46 | D        | Found an iron altar of Okawaru.
    46 | D        | Found a sparkling altar of Nemelex Xobeh.
    46 | D        | Found a burning altar of Makhleb.
    46 | D        | Found a blossoming altar of Fedhas.
    46 | D        | Found a white marble altar of Elyvilon.
    46 | D        | Found a shadowy altar of Dithmenos.
    46 | D        | Found a snail-covered altar of Cheibriados.
    49 | D        | Found a corrupted altar of Lugonu.
    49 | D        | Found a radiant altar of Vehumet.
    50 | D        | Found an ancient bone altar of Kikubaaqudgha.
    50 | D        | Found a hide-covered altar of Uskayaw.
    50 | D        | Found a broken altar of Ashenzari.
    54 | D        | Became a worshipper of Warmaster Okawaru
    73 | D        | Reached skill level 6 in Ranged Weapons
   208 | D        | Reached XP level 3. HP: 28/28 MP: 3/3
   227 | D        | Reached skill level 7 in Ranged Weapons
   523 | D        | Reached skill level 1 in Armour
   523 | D        | Reached skill level 1 in Invocations
   523 | D        | Reached XP level 4. HP: 21/35 MP: 3/5
   727 | D        | Noticed a fire bat
   727 | D        | Noticed a warg
   734 | D        | Reached skill level 8 in Ranged Weapons
   737 | D        | Noticed a sky beast
   744 | D        | Reached XP level 5. HP: 11/41 MP: 6/6
   752 | D        | Killed a fire bat
   752 | D        | Reached * piety under Okawaru
   753 | D        | Reached skill level 1 in Long Blades
   753 | D        | Reached skill level 9 in Ranged Weapons
   753 | D        | Reached skill level 5 in Invocations
   753 | D        | Reached XP level 6. HP: 25/49 MP: 6/9
   760 | D        | Slain by a warg

Illustrated notes

Levels and vault maps discovered:
D:        pitsprint [storerooms_1, entrance_room_1, metal_vault_8, armoury_2,
          mini_pit_1, grid_room_1, main_hall_1, silver_pit, the_coven_3,
          the_vestibule_1, steel_vault_1, golden_pit, hallway_of_sentries,
          crystal_vault_2, iron_vault_2, final_vault]

Skill      XL: |  1  2  3  4  5 |
---------------+----------------+-----
Ranged Weapons | 5 6 7 8 9 |  9.9
Dodging        | 2 3 |  3.4
Fighting       | 3 4 |  4.7
Armour         | 1 3 |  3.4
Invocations    | 1 2 5 |  5.0
Long Blades    | 1 |  1.0
Stealth        | 2 |  2.5

Action                     |  1- 3 |  4- 6 || total
---------------------------+-------+-------++-------
  Melee: Long sword        |       |    12 ||    12
   Fire: Shortbow          |    36 |    17 ||    53
Ability: Dig               |     3 |       ||     3
    Use: Potion            |       |     3 ||     3
 Armour: Leather armour    |    15 |    19 ||    34
  Dodge: Dodged            |    26 |    27 ||    53

Table legend: (Time is in decaauts)
 A = Elapsed time spent in this place.
 B = Non-inter-level travel time spent in this place.
 C = Inter-level travel time spent in this place.
 D = Time resting spent in this place.
 E = Time spent auto-exploring this place.
 F = Levels seen in this place.
 G = Mean time per level.
                   A        B        C        D        E       F      G
               +--------+--------+--------+--------+--------+-----+--------+
         Total |    768 |    751 |     17 |    540 |      0 |   1 |  768.0 |
       Dungeon |    768 |    751 |     17 |    540 |      0 |   1 |  768.0 |
               +--------+--------+--------+--------+--------+-----+--------+

Top non-repeatable levels by time:
       D: 768 daAuts
